 Dungeon Crawl Stone Soup version 0.21-a0-538-gd16b88a (webtiles) character file.

94 tof the Poker (level 4, -3/34 HPs)
             Began as a Demonspawn Gladiator on Dec 15, 2017.
             Slain by Sigmund
             ... wielding a +0 scythe
              (8 damage)
             ... on level 2 of the Dungeon.
             The game lasted 00:03:15 (1753 turns).

tof the Poker (Demonspawn Gladiator)                Turns: 1753, Time: 00:03:15

Health: -3/34      AC:  6    Str: 20    XL:     4   Next: 38%
Magic:  4/4        EV: 12    Int:  9    God:
Gold:   70         SH:  0    Dex: 18    Spells: 3/3 levels left

rFire    . . .     SeeInvis .   a - +0 trident
rCold    . . .     Gourm    .   (no shield)
rNeg     . . .     Faith    .   p - +0 ring mail
rPois    .         Spirit   .   c - +0 helmet
rElec    .         Reflect  .   (no cloak)
rCorr    .         Harm     .   (no gloves)
MR       .....                  (no boots)
Stlth    +.........             (no amulet)
HPRegen  0.11/turn              t - +6 ring of strength
MPRegen  0.09/turn              (no ring)

@: no status effects
A: talons 1, thin skeletal structure 1, powered by death 1
a: no special abilities


You were on level 2 of the Dungeon.
You were not hungry.

You visited 1 branch of the dungeon, and saw 2 of its levels.

You collected 70 gold pieces.

Inventory:

Hand Weapons
 a - a +0 trident (weapon)
Missiles
 d - 2 throwing nets
 s - 36 stones (quivered)
Armour
 b - a +0 leather armour
 c - a +0 helmet (worn)
 p - a +0 ring mail (worn)
Jewellery
 t - a +6 ring of strength (left hand)
Scrolls
 e - a scroll of magic mapping {unknown}
 h - a scroll of blinking {unknown}
 j - a scroll of remove curse {unknown}
 l - 2 scrolls of identify {unknown}
 u - a scroll of teleportation {unknown}
 v - a scroll of enchant armour {unknown}
 w - a scroll of fog {unknown}
Potions
 g - 2 potions of mutation {unknown}
 i - 2 potions of curing {unknown}
 k - a potion of flight {unknown}
 q - a potion of experience {unknown}
 r - a potion of heal wounds {unknown}
Comestibles
 f - 2 bread rations
 m - 4 meat rations
 n - 2 royal jellies
 o - 6 fruits
 x - 5 chunks of flesh


   Skills:
 + Level 2.7 Fighting
 * Level 3.6 Polearms
 + Level 2.4 Throwing
 + Level 1.3 Armour
 - Level 2.6 Dodging


You had 3 spell levels left.
You didn't know any spells.

Dungeon Overview and Level Annotations

Branches:
Dungeon (2/15)

Altars:

Annotations:
D:2 Sigmund


Innate Abilities, Weirdness & Mutations

You have sharp toenails.
You have a somewhat thin skeletal structure. (Dex +2, Stealth)
You regenerate a little health from kills.


Message History

Deactivating autopickup; reactivate with Ctrl-A.
The kobold closely misses you.
You hit the kobold.
You kill the kobold!
Something hits you but does no damage.
You see here a kobold corpse.
Something hits you.
You hear some strange, mumbled words.
You are confused.
Something tries to affect you, but you resist.
You bump into the rock wall.
Something hits you!
You're too confused to move!
You bump into the rock wall.
You feel less confused. Something hits you! Something hits you!
* * * LOW HITPOINT WARNING * * *
There is an escape hatch in the ceiling here.
Something hits you!
You die...

#...........#########
####...........########.
...................†.##.
#.#............#####..#.
#.#............# #....
#.##...........# #..#.
#.##...........#####...)
#.##...........##.......
##########......@.{.....##.......
..........############.###.......
..........# #.##........
..........# #######.#.........
..........#### #.......# ........
.............###.####### ........
..........##......# ........
...........#......#
...###.##..#......###


There were no monsters in sight!

Vanquished Creatures
  A worker ant (D:2)
  2 adders (D:2)
  An ooze (D:1)
  A worm (D:2)
  2 dart slugs
  A leopard gecko (D:1)
  A ball python (D:2)
  2 giant cockroaches
  3 goblins
  7 hobgoblins
  3 jackals (D:1)
  6 bats
  5 frilled lizards
  3 kobolds
  6 rats
44 creatures vanquished.

Notes
Turn   | Place    | Note
-------+----------+-------------------------------------------
     0 | D:1      | tof the Demonspawn Gladiator began the quest for the Orb.
     0 | D:1      | Reached XP level 1. HP: 16/16 MP: 1/1
   202 | D:1      | Gained mutation: You have a somewhat thin skeletal structure. (Dex +2, Stealth) [demonic ancestry]
   202 | D:1      | Reached XP level 2. HP: 18/22 MP: 2/2
   214 | D:1      | Reached skill level 3 in Polearms
   644 | D:1      | Gained mutation: You have sharp toenails. [demonic ancestry]
   644 | D:1      | Reached XP level 3. HP: 28/28 MP: 3/3
  1228 | D:2      | Noticed Sigmund
  1348 | D:2      | Reached skill level 1 in Armour
  1664 | D:2      | Gained mutation: You regenerate a little health from kills. [demonic ancestry]
  1664 | D:2      | Reached XP level 4. HP: 34/34 MP: 4/4
  1753 | D:2      | Slain by Sigmund

Vault maps used:
D:1:      tarquinn_simple_flora_water_a, minmay_cupped
D:2:      uniq_sigmund, uniq_jessica

Skill      XL: |  1  2  3 |
---------------+----------+-----
Polearms       | 3 |  3.6
Throwing       | 2 |  2.4
Armour         | 1 |  1.3
Fighting       | |  2.7
Dodging        | |  2.6

Action                   |  1- 3 |  4- 6 || total
-------------------------+-------+-------++-------
Melee: Trident           |    96 |    10 ||   106
       Kick              |     8 |     2 ||    10
Throw: Stone             |    20 |    16 ||    36
       Throwing net      |     2 |       ||     2
 Stab: Sleeping          |     3 |       ||     3
  Eat: Chunk             |     2 |     1 ||     3
Armor: Leather armour    |    19 |       ||    19
       Ring mail         |    10 |     1 ||    11
Dodge: Dodged            |    51 |     7 ||    58

Table legend:
 A = Spawn XP
 B = Non-spawn XP
 C = Spawn XP percentage of total XP
 D = Spawn monster count
 E = Non-spawn monster count
 F = Spawn count percentage of total count
 G = Total turns spent on level
                    A         B        C        D         E        F      G
               +---------+---------+-------+---------+---------+-------+---------
         Total |       0 |     135 |   0.0 |       0 |      44 |   0.0 |  1753
               +---------+---------+-------+---------+---------+-------+---------
           D:1 |       0 |      50 |   0.0 |       0 |      28 |   0.0 |  1254
           D:2 |       0 |      85 |   0.0 |       0 |      16 |   0.0 |   499
               +---------+---------+-------+---------+---------+-------+---------
